 Dungeon Crawl Stone Soup version 0.29.1-2-gbd0b4ee654 (webtiles) character file.

Game seed: 2770236988665651878

39 GorkyZ the Chopper (level 3, -1/22 HPs)
             Began as a Gargoyle Gladiator on Dec 1, 2022.
             Constricted to death by Robin (3 damage)
             ... on level 2 of the Dungeon.
             The game lasted 00:02:45 (1584 turns).

GorkyZ the Chopper (Gargoyle Gladiator)             Turns: 1584, Time: 00:02:46

Health: -1/22      AC:  7    Str: 19    XL:     3   Next: 47%
Magic:  3/3        EV:  9    Int:  8    God:
Gold:   29         SH:  0    Dex: 11    Spells: 2/2 levels left

rFire   . . .      SeeInvis .   a - +0 war axe
rCold   . . .      Faith    .   (no shield)
rNeg    + . .      Spirit   .   b - +0 leather armour
rPois   ∞          Reflect  .   c - +0 helmet
rElec   +          Harm     .   (no cloak)
rCorr   .          Rampage  .   (no gloves)
Will    .....                   (no boots)
Stlth   +.........              (no amulet)
HPRegen 0.07/turn               (no ring)
MPRegen 0.08/turn               (no ring)

@: grasped by roots, constricted
A: sickness immunity, AC +3, negative energy resistance 1, electricity
resistance, torment resistance 1, petrification resistance
a: no special abilities


You were on level 2 of the Dungeon.
You visited 1 branch of the dungeon, and saw 2 of its levels.

You collected 29 gold pieces.

Inventory:

Hand Weapons
 a - a +0 war axe (weapon)
Missiles
 d - 3 throwing nets (quivered)
 e - a javelin
 k - 6 poisoned darts
Armour
 b - a +0 leather armour (worn)
 c - a +0 helmet (worn)
Jewellery
 l - a ring of wizardry
Scrolls
 g - 3 scrolls of noise {unknown}
 h - a scroll of enchant weapon {unknown}
 j - a scroll of acquirement {unknown}
Potions
 f - 2 potions of brilliance {unknown}
 i - a potion of mutation {unknown}


   Skills:
 + Level 2.7 Fighting
 + Level 3.0 Axes
 + Level 2.1 Throwing
 + Level 1.2 Armour
 + Level 2.7 Dodging


You had 2 spell levels left.
You didn't know any spells.
Your spell library was empty.

Dungeon Overview and Level Annotations

Branches:
Dungeon (2/15)

Altars:

Shops:
D:1 (

Annotations:
D:2 Robin


Innate Abilities, Weirdness & Mutations

You are immune to sickness and miasma.
Your stone body is resilient. (AC +3)
You are immune to poison.
You resist negative energy. (rN+)
You are resistant to electric shocks. (rElec)
You are resistant to unholy torment.
You are immune to petrification.


Message History

You hit the goblin.
You kill the goblin!
You closely miss the goblin. You slash the goblin!
You kill the goblin!
The grasping roots constrict you. The goblin hits you with a +0 dagger.
You escape the roots grasp.
Robin zaps a wand.
The roots erupt in riotous growth!
The grasping roots grab you! The grasping roots constrict you.
Items here: )) ? ††.
You escape the roots grasp.
The goblin attacks as you move away! The goblin completely misses you.
Robin completely misses you.
You are too injured to fight recklessly!
You are too injured to fight recklessly!
You are too injured to fight recklessly!
You closely miss Robin. You closely miss the goblin. Robin barely misses you.
The goblin barely misses you.
You closely miss Robin. You closely miss the goblin. Robin closely misses you.
The goblin misses you. Robin hits you but does no damage.
The goblin hits you with a +0 dagger.
You barely miss Robin. You hit the goblin but do no damage.
Robin barely misses you. The goblin barely misses you.
You hit Robin but do no damage. You closely miss the goblin.
Robin barely misses you. The goblin hits you with a +0 dagger.
* * * LOW HITPOINT WARNING * * *
You closely miss Robin. You closely miss the goblin.
Robin zaps a wand.
The roots erupt in riotous growth!
The grasping roots grab you!
Robin is unaffected.
The goblin is unaffected.
The grasping roots constrict you.
* * * LOW HITPOINT WARNING * * *
The goblin hits you but does no damage. Robin barely misses you.
The grasping roots constrict you.
* * * LOW HITPOINT WARNING * * *
The goblin closely misses you.
You barely miss Robin. You barely miss the goblin.
The goblin no longer looks unusually strong.
Robin says, "My army is invincible!"
Robin hits you but does no damage. The grasping roots constrict you.
You die...

#. #. #.##########
#........... g...........
#.........# #.#g....#.#
#g#@......# #.#g))..#..
#+ #####.#).#####.
#####.##+#......)........
....#.......##.#.#######.
###.#.......##.#.#
..#.#.......##.#.#
..#.#.......##.#.#
..#.#.##+#.###.#..


You could see Robin and a goblin.

Vanquished Creatures
  4 endoplasms
  2 giant cockroaches (D:1)
  11 goblins
  6 hobgoblins
  A quokka (D:1)
  A ball python (D:1)
  2 bats (D:1)
  4 frilled lizards
  2 kobolds
  A rat (D:2)
34 creatures vanquished.

Notes
Turn   | Place    | Note
-------+----------+-------------------------------------------
     0 | D:1      | GorkyZ the Gargoyle Gladiator began the quest for the Orb.
     0 | D:1      | Reached XP level 1. HP: 12/12 MP: 1/1
   116 | D:1      | Found Focischoph's Antique Weapon Emporium.
   163 | D:1      | Reached XP level 2. HP: 8/18 MP: 2/2
   911 | D:1      | Found a faded altar of an unknown god.
  1133 | D:1      | Reached skill level 1 in Armour
  1389 | D:2      | Reached XP level 3. HP: 22/22 MP: 3/3
  1567 | D:2      | Noticed Robin
  1574 | D:2      | Reached skill level 3 in Axes
  1584 | D:2      | Constricted to death by Robin

Illustrated notes

Levels and vault maps discovered:
D:1:      dpeg_arrival_oval, layout_basic, shapermc_ecumenical_altar_hornbeckon,
          serial_shops, nicolae_shop_trees, chequers_serial_rivers_small_3,
          corner_web_ring, minmay_pentomino_u2
D:2:      layout_basic, minmay_misc_feat_more_columns, uniq_robin,
          uniq_crazy_yiuf_cottage, uniq_terence, uniq_natasha

Skill      XL: |  1  2  3 |
---------------+----------+-----
Throwing       | 2 |  2.1
Armour         | 1 |  1.2
Axes           | 3 |  3.0
Fighting       | |  2.7
Dodging        | |  2.7

Action                   || total
-------------------------++-------
Melee: War axe           ||    75
Armor: Leather armour    ||    28
Dodge: Dodged            ||    52
